Match 25377528
Unlisted

Match 25377528
End
Vickers Machine Gun Team
Construct Section Command Post
Infantry Section
Construct Platoon Command Post
6-pounder Anti-tank Gun Team
Unlock Bishop Self-propelled Artillery
Bishop Self-propelled Artillery
Selects Air and Sea Battlegroup
Selects Commando Section Paradrop
Infantry Training
Selects Commando LMG Section Paradrop
Commando LMG Section Paradrop
Bishop Self-propelled Artillery
Team Weapon Training
Commando LMG Section Paradrop
Selects Supply Surplus
Construct Field Infirmary
6-pounder Anti-tank Gun Team
Selects Centaur Medium Tank
Construct Company Command Post
Commando LMG Section Paradrop
Construct Field Infirmary
Unlock Towed 17-pounder Anti-tank Guns
Selects Naval Bombardment
17-pounder Anti-tank Gun Team
Naval Bombardment
CMP 15cwt Truck
Selects Anti-tank Rocket Loiter
Anti-tank Rocket Loiter
17-pounder Anti-tank Gun Team
Construct Resource Cache
Construct Resource Cache
Bishop Self-propelled Artillery
Construct Resource Cache
Commando LMG Section Paradrop
Naval Bombardment
Bishop Self-propelled Artillery
Royal Engineer Section
Anti-tank Rocket Loiter
Bishop Self-propelled Artillery
17-pounder Anti-tank Gun Team
Naval Bombardment
Biggus dickus
SQUANCHY
TidaL
iltoja
Čistá Fantázia oh yeah
76561198073465194
0
0

Comments sign in to comment!

No comments posted yet!